 Dungeon Crawl Stone Soup version 0.31-a0-232-gb1c03b2570 (webtiles) character file.

Game seed: 5394757599157987902

46557 qw the Marksgargoyle (level 14, -4/92 HPs)
             Began as a Gargoyle Hexslinger on July 7, 2023.
             Was a High Priest of Okawaru.
             Killed from afar by a fire dragon (47 damage)
             ... with a blast of flame
             ... on level 5 of the Lair of Beasts.
             The game lasted 00:06:01 (13177 turns).

qw the Marksgargoyle (Gargoyle Hexslinger)         Turns: 13177, Time: 00:06:01

Health: -4/92      AC: 24    Str: 23    XL:     14   Next: 38%
Magic:  15/21      EV: 18    Int: 13    God:    Okawaru [*****.]
Gold:   745        SH:  0    Dex: 16    Spells: 14/15 levels left

rFire   . . .        d - +6 longbow (flame)
rCold   + . .        (shield currently unavailable)
rNeg    + . .        u - +1 leather armour of Fous {*Slow Regen+ Str+3}
rPois   inf          j - +0 helmet
rElec   +            h - +0 cloak
rCorr   .            q - +1 pair of gloves {infuse}
SInv    .            v - +2 pair of boots {Fly}
Will    +....        i - amulet of faith
Stlth   +++          k - +6 ring of strength
HPRegen 1.15/turn    t - ring of protection from cold
MPRegen 0.17/turn

%: slow self (1%), faith, infuse magic (1 MP)
@: heroic, finesse-ful, flying
A: sickness immunity, AC +10, big wings, negative energy resistance 1,
electricity resistance, torment resistance 1, petrification resistance
a: Renounce Religion, Heroism, Finesse, Duel


You were on level 5 of the Lair of Beasts.
You worshipped Okawaru.
Okawaru was extremely pleased with you.
You visited 3 branches of the dungeon, and saw 16 of its levels.

You collected 1458 gold pieces.
You spent 713 gold pieces at shops.


Innate Abilities, Weirdness & Mutations

You are immune to sickness and miasma.
Your stone body is resilient. (AC +10)
You are immune to poison.
Your large and strong wings let you fly.
You resist negative energy. (rN+)
You are resistant to electric shocks. (rElec)
You are resistant to unholy torment.
You are immune to petrification.


   Skills:
 - Level 12.0(17.0) Fighting
 + Level 18.1(23.1) Ranged Weapons
 - Level 6.2(11.2) Armour
 - Level 6.0(11.0) Dodging
 - Level 1.0 Spellcasting
 - Level 2.6 Hexes
 - Level 10.0 Invocations


You had 14 spell levels left.
You knew the following spells:

 Your Spells              Type           Power      Damage    Failure   Level
a - Slow                  Hex            28%        N/A       11%         1

Your spell library contained the following spells:

 Spells                   Type           Power      Damage    Failure   Level
 Inner Flame              Hex/Fire       4%         N/A       47%         3
 Portal Projectile        Hex/Tloc       8%         N/A       47%         3
 Cause Fear               Hex            3%         N/A       71%         4

Inventory:

Hand Weapons
 d - a +6 longbow of flaming (weapon)
Armour
 h - a +0 cloak (worn)
 j - a +0 helmet (worn)
 m - a +1 ring mail of cold resistance
 q - a +1 pair of gloves of infusion (worn)
 u - the +1 leather armour of Fous (worn) {*Slow Regen+ Str+3}
   (You bought it in a shop on level 10 of the Dungeon)

   Str:       It affects your strength (+3).
   Regen:     It increases your rate of health regeneration.
   *Slow:     It may slow you when you take damage.
 v - a +2 pair of boots of flying (worn)
 w - a +1 cloak of poison resistance
 y - a scarf of shadows
Jewellery
 a - an amulet of reflection
 i - an amulet of faith (around neck)
 k - a +6 ring of strength (left hand)
 t - a ring of protection from cold (right hand)
 Y - a ring of resist corrosion
Wands
 c - a wand of digging (5)
Scrolls
 f - 16 scrolls of identify
 o - 5 scrolls of teleportation
 x - a scroll of enchant armour {unknown}
Potions
 b - a potion of heal wounds
 e - a potion of haste
 g - 6 potions of curing
 l - a potion of cancellation {unknown}
 n - 3 potions of resistance
 p - 2 potions of enlightenment
 r - 2 potions of might
 s - a potion of mutation

Dungeon Overview and Level Annotations

Branches:
Dungeon (10/15)            Temple (1/1) D:5            Lair (5/5) D:9
 Shoals (0/4) Lair:3       Spider (0/4) Lair:3        Slime (0/5) Lair:4
    Orc (0/2) D:9

Altars:
Ashenzari
Cheibriados
Dithmenos
Elyvilon
Fedhas
Gozag
Hepliaklqana
Kikubaaqudgha
Makhleb
Nemelex Xobeh
Okawaru
Qazlal
Ru
Sif Muna
Trog
Uskayaw
Vehumet
Wu Jian
Xom
Yredelemnul
Zin
The Shining One
Jiyva

Shops:
D:8 *::[   D:9 :   D:10 *

Annotations:
D:3 2 transporters, qw's ghost, amateur MiHs
Lair:5 1 runed translucent door, qw's ghost, journeyman MiHu


Message History

Enter note:
Enter note:
Enter note:
Enter note:
Enter note:
Enter note:
Enter note:
Enter note:
Enter note:
Enter note:
Enter note:
Enter note:
Enter note:
Enter note:
Enter note:
Enter note:
13168 ||| Stepping ~*~*~tactically~*~*~ (outnumbered).
13169 ||| INVOKING Heroism.
You gain the combat prowess of a mighty hero.
The fire dragon breathes flames at you. The blast of flame hits you!!
13170 ||| Stepping ~*~*~tactically~*~*~ (cloud).
You start resting.
A fire dragon is nearby!
13173 ||| INVOKING Finesse.
You can now deal lightning-fast blows.
You shoot an arrow. The arrow hits the fire dragon!!
The fire dragon is moderately wounded.
The fire dragon misses you. The fire dragon barely misses you.
The fire dragon tramples you.
You are shoved backwards!
You shoot an arrow. The arrow hits the fire dragon.
The fire dragon is moderately wounded.
You shoot an arrow. The arrow hits the fire dragon.
The fire dragon is moderately wounded.
You shoot an arrow. The arrow hits the fire dragon!
The fire dragon is heavily wounded.
The fire dragon breathes flames at you. The blast of flame hits you!!!
Ouch! That really hurt!
You die...

77..7.. 77...~.~~
77$.~DD~~~
77.P~¤¤~~~~
7.?..~~.D~~ 7.~D7
7.~~77 7~~~D77
77~ 77.~~@77 7P~~
7....~77 77.~~.
777.P~.777..~.
77.7.~~..~7
7....)~~~77
77....P7~.777 7
77..7..7.~~777777
777...77.~~.7~7~
77.P..7~~~~%%.


You could see a fire dragon (catching breath) and a swamp dragon.

Vanquished Creatures
  A dire elephant (Lair:5)
  Harold (D:10)
  Erolcha (D:10)
  5 hydras
  A catoblepas (Lair:5)
  A two-headed ogre (D:9)
  Urug (Lair:4)
  3 boulder beetles
  Nergalle (Lair:3)
  Amaemon (D:10)
  A lindwurm (Lair:5)
  2 manticores (Lair:5)
  An ugly thing (D:9)
  A merfolk siren (Lair:3)
  10 elephants
  6 black mambas
  2 torpor snails
  An orange demon (D:10)
  15 cane toads
  Psyche (D:8)
  6 rime drakes
  9 komodo dragons
  A troll (D:10)
  3 merfolk (Lair:3)
  16 blink frogs
  12 dream sheep
  A wraith (D:9)
  5 wyverns
  Eustachio (D:5)
  5 basilisks
  31 yaks
  3 steam dragons
  A warg (D:9)
  An acid dragon (Lair:5)
  A swamp drake (Lair:5)
  6 orc warriors
  19 water moccasins
  4 black bears
  An ogre (D:5)
  17 wolves
  4 centaurs
  11 bullfrogs
  7 scorpions
  A gnoll sergeant (D:9)
  5 wights (D:9)
  12 killer bees
  3 howler monkeys (D:9)
  2 hounds (D:5)
  8 orc priests
  A gnoll bouda (Lair:2)
  A jelly (D:7)
  Jessica (D:3)
  A sleepcap (D:5)
  Terence (D:3)
  6 iguanas
  8 orc wizards
  6 gnolls
  7 adders
  A shadow imp (D:7)
  A white imp (D:6)
  2 ufetubi
  4 worms
  5 dart slugs
  29 orcs
  5 ball pythons
  6 bats
  5 endoplasms
  8 giant cockroaches
  5 goblins
  10 hobgoblins
  2 jackals (D:4)
  6 kobolds
  10 quokkas
  A frilled lizard (D:1)
  10 rats
  A spectral kobold (D:6)
395 creatures vanquished.

Notes
Turn   | Place    | Note
-------+----------+-------------------------------------------
     0 | D:1      | qw the Gargoyle Hexslinger began the quest for the Orb.
     0 | D:1      | Reached XP level 1. HP: 12/12 MP: 2/2
     0 | D:1      | 0 ||| qw: Version: 0.3-a-46-gb1f654a
     0 | D:1      | 0 ||| qw: Game counter: 2510
     0 | D:1      | 0 ||| qw: Melee chars always use a shield: true
     0 | D:1      | 0 ||| qw: God list: Okawaru
     0 | D:1      | 0 ||| qw: Allow faded altars: false
     0 | D:1      | 0 ||| qw: Do Orc after clearing Dungeon:15 true
     0 | D:1      | 0 ||| qw: Do second Lair branch before Depths: true
     0 | D:1      | 0 ||| qw: Lair rune preference: random
     0 | D:1      | 0 ||| qw: Goals: Normal
     0 | D:1      | 0 ||| PLANNING D:1-11
   144 | D:1      | Reached XP level 2. HP: 16/16 MP: 3/3
   270 | D:1      | Reached skill level 3 in Ranged Weapons
   532 | D:1      | Reached XP level 3. HP: 19/21 MP: 4/4
   822 | D:1      | 822 ||| UPGRADING to +0 leather armour.
   832 | D:1      | 832 ||| DROPPING +0 robe.
   833 | D:1      | 833 ||| UPGRADING to +0 cloak.
   838 | D:1      | 838 ||| UPGRADING to +0 pair of boots.
   843 | D:1      | 843 ||| UPGRADING to amulet of faith.
   848 | D:1      | 848 ||| READING scroll labelled HENETHOUCE.
   849 | D:1      | 849 ||| READING scroll labelled DAOJOTS MOUPT.
   850 | D:1      | 850 ||| READING 2 scrolls labelled HIOR WOTO.
   851 | D:1      | 851 ||| READING scroll labelled DEANGA POBBI.
   852 | D:1      | 852 ||| READING scroll labelled UCROQE JANO.
   853 | D:1      | 853 ||| DROPPING scroll of poison.
  1041 | D:2      | Reached XP level 4. HP: 26/26 MP: 5/5
  1056 | D:2      | 1056 ||| SWAPPING to +2 longbow of electrocution.
  1057 | D:2      | 1057 ||| DROPPING +1 sling of flaming.
  1299 | D:2      | Reached skill level 4 in Ranged Weapons
  1379 | D:2      | 1379 ||| READING scroll labelled HOVYSSADAO.
  1380 | D:2      | 1380 ||| READING scroll labelled DEADOTHR PYUSAT.
  1381 | D:2      | 1381 ||| DRINKING 2 bubbling coppery potions.
  1382 | D:2      | 1382 ||| READING 3 scrolls of identify.
  1382 | D:2      | 1382 ||| IDENTIFYING ruby potion
  1413 | D:3      | Noticed Jessica
  1413 | D:3      | Found a broken altar of Ashenzari.
  1413 | D:3      | You fall into a shaft and drop 3 floors!
  1414 | D:6      | 1414 ||| PLANNING SEWER
  1450 | D:6      | Reached XP level 5. HP: 21/30 MP: 6/6
  1457 | D:6      | Reached skill level 5 in Ranged Weapons
  1495 | D:6      | 1495 ||| READING scroll of brand weapon.
  1495 | D:6      | 1495 ||| BRANDING +2 longbow of electrocution.
  1561 | D:6      | 1561 ||| UPGRADING to +0 ring mail.
  1571 | D:6      | 1571 ||| DROPPING +0 leather armour.
  1582 | D:5      | Entered Level 5 of the Dungeon
  1586 | D:5      | Found an ornate altar of the Wu Jian Council.
  1632 | D:5      | Noticed an ogre
  1639 | D:5      | Killed an ogre
  1640 | D:5      | Reached XP level 6. HP: 14/36 MP: 7/7
  1644 | D:5      | Reached skill level 3 in Fighting
  1781 | D:5      | 1781 ||| UPGRADING to ring of resist corrosion.
  1782 | D:5      | 1782 ||| READING 4 scrolls of identify.
  1782 | D:5      | 1782 ||| IDENTIFYING lumpy red potion
  1813 | D:4      | Found a sacrificial altar of Ru.
  2034 | D:4      | 2034 ||| UPGRADING to +0 helmet.
  2056 | D:3      | Reached skill level 6 in Ranged Weapons
  2091 | D:3      | 2091 ||| RIP SEWER
  2092 | D:3      | 2092 ||| PLANNING D:1-11
  2162 | D:3      | Found a transporter.
  2165 | D:3      | Noticed qw's ghost (amateur MiHs)
  2166 | D:3      | Found a transporter.
  2213 | D:3      | Killed Jessica
  2214 | D:3      | Reached XP level 7. HP: 41/41 MP: 8/8
  2215 | D:3      | 2215 ||| READING scroll labelled PUNAON LOIVI.
  2424 | D:3      | Found a faded altar of an unknown god.
  2435 | D:3      | Noticed Terence
  2443 | D:3      | Killed Terence
  2611 | D:3      | 2611 ||| UPGRADING to +1 robe of willpower.
  2621 | D:3      | 2621 ||| READING scroll labelled ROOGRA HEBARPH.
  2622 | D:3      | 2622 ||| READING scroll labelled QOCECA NAFEI.
  2627 | D:3      | 2627 ||| READING 7 scrolls of identify.
  2627 | D:3      | 2627 ||| IDENTIFYING bubbling yellow potion
  2628 | D:3      | 2628 ||| DROPPING potion of brilliance.
  2810 | D:4      | 2810 ||| READING scroll of enchant weapon.
  2810 | D:4      | 2810 ||| ENCHANTING +3 longbow of flaming.
  2998 | D:4      | Found a sparkling altar of Nemelex Xobeh.
  3151 | D:4      | 3151 ||| DROPPING +0 ring mail.
  3152 | D:4      | 3152 ||| UPGRADING to +1 ring mail of cold resistance.
  3162 | D:4      | 3162 ||| READING scroll labelled KIT XICRACKAJ.
  3189 | D:5      | 3189 ||| STAIRDANCE
  3189 | D:5      | HP: 9/43 [orc priest/divine providence (12)]
  3315 | D:5      | 3315 ||| STAIRDANCE
  3374 | D:5      | Reached skill level 7 in Ranged Weapons
  3389 | D:5      | Found a staircase to the Ecumenical Temple.
  3390 | D:5      | 3390 ||| PLANNING TEMPLE
  3397 | Temple   | Entered the Ecumenical Temple
  3398 | Temple   | 3398 ||| PLANNING OKAWARU WORSHIP
  3419 | Temple   | Became a worshipper of Warmaster Okawaru
  3420 | Temple   | 3420 ||| PLANNING D:1-11
  3447 | D:5      | Noticed Eustachio
  3461 | D:5      | Killed Eustachio
  3463 | D:5      | Reached XP level 8. HP: 19/48 MP: 9/9
  3585 | D:5      | Reached skill level 8 in Ranged Weapons
  3598 | D:5      | Reached * piety under Okawaru
  3603 | D:5      | 3603 ||| FLEEEEING.
  3604 | D:5      | 3604 ||| FLEEEEING.
  3605 | D:5      | 3605 ||| FLEEEEING.
  3606 | D:5      | 3606 ||| FLEEEEING.
  3607 | D:5      | 3607 ||| STAIRDANCE
  3624 | D:4      | 3624 ||| READING 8 scrolls of identify.
  3624 | D:4      | 3624 ||| IDENTIFYING golden potion
  3625 | D:4      | 3625 ||| DROPPING potion of attraction.
  3629 | D:5      | 3629 ||| STAIRDANCE
  3775 | D:5      | Found a stormy altar of Qazlal.
  3779 | D:5      | Found a blossoming altar of Fedhas.
  3882 | D:5      | Reached skill level 1 in Invocations
  4054 | D:6      | 4054 ||| INVOKING Heroism.
  4254 | D:6      | Found a hazy altar of Hepliaklqana.
  4394 | D:6      | 4394 ||| READING 8 scrolls of identify.
  4394 | D:6      | 4394 ||| IDENTIFYING puce potion
  4395 | D:6      | 4395 ||| DROPPING potion of berserk rage.
  4498 | D:7      | 4498 ||| INVOKING Heroism.
  4575 | D:7      | 4575 ||| INVOKING Heroism.
  4578 | D:7      | Reached skill level 3 in Invocations
  4627 | D:7      | 4627 ||| INVOKING Heroism.
  4647 | D:7      | 4647 ||| INVOKING Heroism.
  4774 | D:7      | 4774 ||| INVOKING Heroism.
  4936 | D:7      | 4936 ||| INVOKING Heroism.
  4943 | D:7      | Reached skill level 9 in Ranged Weapons
  4943 | D:7      | Reached XP level 9. HP: 23/54 MP: 9/12
  5294 | D:7      | 5294 ||| READING 8 scrolls of identify.
  5294 | D:7      | 5294 ||| IDENTIFYING metallic purple potion
  5295 | D:7      | 5295 ||| READING 7 scrolls of identify.
  5295 | D:7      | 5295 ||| IDENTIFYING green potion
  5332 | D:8      | Reached skill level 3 in Armour
  5348 | D:8      | Found Qugge's Armour Shoppe.
  5367 | D:8      | 5367 ||| INVOKING Heroism.
  5499 | D:8      | Found Towiolaf's Book Emporium.
  5500 | D:8      | Found Ristri's Book Emporium.
  5500 | D:8      | Found Zychalam's General Store.
  5502 | D:8      | 5502 ||| BUYING +1 pair of gloves of infusion (231 gold).
  5502 | D:8      | Bought a +1 pair of gloves of infusion for 231 gold pieces
  5502 | D:8      | 5502 ||| BUYING +1 ring mail of positive energy (182 gold).
  5502 | D:8      | Bought a +1 ring mail of positive energy for 182 gold
                  | pieces
  5502 | D:8      | 5502 ||| SHOPLISTING +2 leather armour of the Loofah {rC+
                  | Int+3} (452 gold, have 54).
  5502 | D:8      | 5502 ||| SHOPLISTING scarf of resistance (448 gold, have
                  | 54).
  5543 | D:8      | 5543 ||| SHOPLISTING 2 potions of cancellation (224 gold,
                  | have 74).
  5543 | D:8      | 5543 ||| SHOPLISTING 2 potions of might (112 gold, have
                  | 74).
  5543 | D:8      | 5543 ||| BUYING potion of heal wounds (70 gold).
  5543 | D:8      | Bought a potion of heal wounds for 70 gold pieces
  5543 | D:8      | 5543 ||| SHOPLISTING scroll of identify (28 gold, have 4).
  5742 | D:8      | 5742 ||| INVOKING Heroism.
  5746 | D:8      | Reached skill level 6 in Fighting
  6030 | D:8      | Noticed a boulder beetle
  6031 | D:8      | 6031 ||| INVOKING Heroism.
  6052 | D:8      | Killed a boulder beetle
  6053 | D:8      | Reached skill level 10 in Ranged Weapons
  6088 | D:8      | Noticed Psyche
  6089 | D:8      | 6089 ||| INVOKING Heroism.
  6094 | D:8      | Killed Psyche
  6094 | D:8      | Reached ** piety under Okawaru
  6158 | D:8      | Found a glowing golden altar of the Shining One.
  6421 | D:8      | 6421 ||| INVOKING Heroism.
  6639 | D:8      | 6639 ||| UPGRADING to +1 pair of gloves of infusion.
  6644 | D:8      | 6644 ||| UPGRADING to ring of protection from cold.
  6645 | D:8      | 6645 ||| READING 6 scrolls of identify.
  6645 | D:8      | 6645 ||| IDENTIFYING clear potion
  6657 | D:9      | Noticed a two-headed ogre
  6658 | D:9      | 6658 ||| INVOKING Heroism.
  6666 | D:9      | Killed a two-headed ogre
  6667 | D:9      | Reached skill level 6 in Armour
  6667 | D:9      | Reached XP level 10. HP: 63/63 MP: 11/13
  6676 | D:9      | 6676 ||| STAIRDANCE
  6678 | D:8      | 6678 ||| INVOKING Heroism.
  6766 | D:9      | 6766 ||| INVOKING Heroism.
  6769 | D:9      | 6769 ||| Stepping ~*~*~tactically~*~*~ (cloud).
  6784 | D:9      | Noticed a white ugly thing
  6789 | D:9      | 6789 ||| FLEEEEING.
  6792 | D:9      | 6792 ||| INVOKING Heroism.
  6794 | D:9      | Killed a white ugly thing
  6794 | D:9      | Reached *** piety under Okawaru
  6795 | D:9      | Reached skill level 11 in Ranged Weapons
  7002 | D:9      | Received a gift from Okawaru
  7003 | D:9      | Reached skill level 3 in Dodging
  7031 | D:9      | 7031 ||| INVOKING Heroism.
  7164 | D:9      | Found a staircase to the Orcish Mines.
  7172 | D:9      | Found Jyshroets's Book Boutique.
  7199 | D:9      | 7199 ||| INVOKING Heroism.
  7226 | D:9      | 7226 ||| INVOKING Heroism.
  7455 | D:9      | Found a shimmering altar of Xom.
  7495 | D:9      | Reached skill level 12 in Ranged Weapons
  7580 | D:9      | 7580 ||| INVOKING Heroism.
  7615 | D:9      | Found a staircase to the Lair.
  7616 | D:9      | 7616 ||| INVOKING Heroism.
  7676 | D:9      | 7676 ||| READING scroll of enchant weapon.
  7676 | D:9      | 7676 ||| ENCHANTING +4 longbow of flaming.
  7786 | D:9      | 7786 ||| READING 7 scrolls of identify.
  7786 | D:9      | 7786 ||| IDENTIFYING red potion
  7787 | D:9      | 7787 ||| DROPPING potion of degeneration.
  7794 | D:10     | Entered Level 10 of the Dungeon
  7801 | D:10     | Found a burning altar of Makhleb.
  7853 | D:10     | Found a bloodstained altar of Trog.
  7870 | D:10     | 7870 ||| READING scroll labelled LOESIK PAWIFO.
  7872 | D:10     | Found a glowing silver altar of Zin.
  7930 | D:10     | Noticed Erolcha
  7931 | D:10     | 7931 ||| INVOKING Heroism.
  7937 | D:10     | Killed Erolcha
  7938 | D:10     | Reached XP level 11. HP: 57/68 MP: 11/14
  7981 | D:10     | Found an ancient bone altar of Kikubaaqudgha.
  7983 | D:10     | Noticed Amaemon
  7996 | D:10     | 7996 ||| INVOKING Heroism.
  8006 | D:10     | Killed Amaemon
  8007 | D:10     | Reached skill level 13 in Ranged Weapons
  8144 | D:10     | Noticed Harold
  8148 | D:10     | 8148 ||| INVOKING Heroism.
  8161 | D:10     | Killed Harold
  8184 | D:10     | 8184 ||| FLEEEEING.
  8185 | D:10     | 8185 ||| FLEEEEING.
  8186 | D:10     | 8186 ||| FLEEEEING.
  8187 | D:10     | 8187 ||| FLEEEEING.
  8188 | D:10     | 8188 ||| INVOKING Heroism.
  8193 | D:10     | Reached skill level 9 in Fighting
  8319 | D:10     | 8319 ||| INVOKING Heroism.
  8404 | D:10     | 8404 ||| READING scroll of enchant weapon.
  8404 | D:10     | 8404 ||| ENCHANTING +5 longbow of flaming.
  8424 | D:10     | 8424 ||| INVOKING Heroism.
  8425 | D:10     | 8425 ||| Stepping ~*~*~tactically~*~*~ (cloud).
  8426 | D:10     | 8426 ||| Stepping ~*~*~tactically~*~*~ (cloud).
  8430 | D:10     | 8430 ||| Stepping ~*~*~tactically~*~*~ (cloud).
  8487 | D:10     | Found Kudid's General Store.
  8492 | D:10     | 8492 ||| BUYING +1 leather armour of Fous {*Slow Regen+
                  | Str+3} (191 gold).
  8492 | D:10     | Bought the +1 leather armour of Fous {*Slow Regen+ Str+3}
                  | for 191 gold pieces
  8492 | D:10     | 8492 ||| SHOPLISTING +6 ring of strength (468 gold, have
                  | 70).
  8492 | D:10     | 8492 ||| BUYING potion of curing (39 gold).
  8492 | D:10     | Bought a potion of curing for 39 gold pieces
  8492 | D:10     | 8492 ||| SHOPLISTING potion of heal wounds (65 gold, have
                  | 31).
  8492 | D:10     | 8492 ||| SHOPLISTING scroll of acquirement (676 gold, have
                  | 31).
  8524 | D:10     | 8524 ||| DROPPING +1 robe of willpower.
  8525 | D:10     | 8525 ||| DROPPING +1 ring mail of positive energy.
  8526 | D:10     | 8526 ||| UPGRADING to +1 leather armour of Fous {*Slow
                  | Regen+ Str+3}.
  8547 | D:9      | 8547 ||| PLANNING LAIR
  8612 | Lair:1   | Entered Level 1 of the Lair of Beasts
  8622 | Lair:1   | Found an opulent altar of Gozag.
  8641 | Lair:1   | 8641 ||| INVOKING Heroism.
  8683 | Lair:1   | 8683 ||| INVOKING Heroism.
  8821 | Lair:1   | 8821 ||| INVOKING Heroism.
  8842 | Lair:1   | 8842 ||| INVOKING Heroism.
  8879 | Lair:1   | 8879 ||| INVOKING Heroism.
  8932 | Lair:1   | 8932 ||| INVOKING Heroism.
  8940 | Lair:1   | Reached skill level 14 in Ranged Weapons
  8999 | Lair:1   | 8999 ||| INVOKING Heroism.
  9027 | Lair:1   | 9027 ||| INVOKING Heroism.
  9042 | Lair:1   | Reached **** piety under Okawaru
  9109 | Lair:1   | 9109 ||| INVOKING Heroism.
  9260 | Lair:1   | Reached XP level 12. HP: 77/77 MP: 15/15
  9355 | Lair:1   | 9355 ||| UPGRADING to +6 ring of strength.
  9416 | Lair:2   | 9416 ||| INVOKING Heroism.
  9430 | Lair:2   | Reached skill level 6 in Invocations
  9438 | Lair:2   | 9438 ||| INVOKING Heroism.
  9510 | Lair:2   | Received a gift from Okawaru
  9855 | Lair:2   | Reached ***** piety under Okawaru
  9857 | Lair:2   | 9857 ||| INVOKING Heroism.
  9879 | Lair:2   | Reached skill level 15 in Ranged Weapons
  9936 | Lair:2   | Received a gift from Okawaru
 10057 | Lair:2   | 10057 ||| INVOKING Heroism.
 10309 | Lair:2   | 10309 ||| READING 11 scrolls of identify.
 10309 | Lair:2   | 10309 ||| IDENTIFYING white potion
 10460 | Lair:3   | 10460 ||| INVOKING Heroism.
 10497 | Lair:3   | 10497 ||| INVOKING Heroism.
 10502 | Lair:3   | Noticed Nergalle
 10507 | Lair:3   | Reached skill level 9 in Invocations
 10512 | Lair:3   | HP: 12/77 [elephant (10)]
 10513 | Lair:3   | 10513 ||| READING 3 scrolls of teleportation.
 10513 | Lair:3   | Identified the +11 rapier of the Iron City of Dis {freeze,
                  | Drain Fly rC+ rN++}
 10514 | Lair:3   | 10514 ||| DRINKING 2 potions of heal wounds.
 10536 | Lair:3   | 10536 ||| Stepping ~*~*~tactically~*~*~ (outnumbered).
 10537 | Lair:3   | 10537 ||| Stepping ~*~*~tactically~*~*~ (outnumbered).
 10538 | Lair:3   | 10538 ||| Stepping ~*~*~tactically~*~*~ (outnumbered).
 10659 | Lair:3   | Reached XP level 13. HP: 82/82 MP: 20/20
 10787 | Lair:3   | Found a staircase to the Shoals.
 10837 | Lair:3   | Found a hole to the Spider Nest.
 10871 | Lair:3   | 10871 ||| INVOKING Heroism.
 10882 | Lair:3   | Killed Nergalle
 11170 | Lair:3   | 11170 ||| DROPPING +1 robe of willpower.
 11186 | Lair:4   | 11186 ||| INVOKING Heroism.
 11228 | Lair:4   | Reached skill level 16 in Ranged Weapons
 11261 | Lair:4   | 11261 ||| INVOKING Heroism.
 11262 | Lair:4   | 11262 ||| INVOKING Finesse.
 11381 | Lair:4   | Reached ****** piety under Okawaru
 11467 | Lair:4   | Identified the +2 morningstar of Nadoshuc {freeze, rCorr}
 11480 | Lair:4   | Received a gift from Okawaru
 11494 | Lair:4   | 11494 ||| INVOKING Heroism.
 11572 | Lair:4   | 11572 ||| INVOKING Heroism.
 11728 | Lair:4   | Noticed Urug
 11729 | Lair:4   | 11729 ||| INVOKING Heroism.
 11730 | Lair:4   | 11730 ||| INVOKING Finesse.
 11740 | Lair:4   | Killed Urug
 11826 | Lair:4   | 11826 ||| INVOKING Heroism.
 11839 | Lair:4   | Found a viscous altar of Jiyva.
 11839 | Lair:4   | Found a staircase to the Slime Pits.
 12057 | Lair:4   | 12057 ||| UPGRADING to +2 pair of boots of flying.
 12067 | Lair:4   | 12067 ||| DROPPING +0 pair of boots.
 12106 | Lair:5   | Entered Level 5 of the Lair of Beasts
 12106 | Lair:5   | Noticed qw's ghost (journeyman MiHu)
 12106 | Lair:5   | Found a runed translucent door.
 12110 | Lair:5   | 12110 ||| INVOKING Heroism.
 12111 | Lair:5   | 12111 ||| INVOKING Finesse.
 12172 | Lair:5   | Reached skill level 17 in Ranged Weapons
 12172 | Lair:5   | 12172 ||| INVOKING Heroism.
 12225 | Lair:5   | 12225 ||| INVOKING Heroism.
 12286 | Lair:5   | 12286 ||| INVOKING Heroism.
 12326 | Lair:5   | 12326 ||| FLEEEEING.
 12327 | Lair:5   | 12327 ||| INVOKING Heroism.
 12373 | Lair:5   | 12373 ||| INVOKING Heroism.
 12423 | Lair:5   | Gained mutation: Your large and strong wings let you fly.
                  | [Gargoyle growth]
 12423 | Lair:5   | Reached XP level 14. HP: 90/90 MP: 21/21
 12517 | Lair:5   | 12517 ||| Stepping ~*~*~tactically~*~*~ (outnumbered).
 12521 | Lair:5   | Reached skill level 18 in Ranged Weapons
 12534 | Lair:5   | Noticed a dire elephant
 12535 | Lair:5   | 12535 ||| INVOKING Heroism.
 12536 | Lair:5   | 12536 ||| Stepping ~*~*~tactically~*~*~ (outnumbered).
 12546 | Lair:5   | Killed a dire elephant
 12590 | Lair:5   | 12590 ||| Stepping ~*~*~tactically~*~*~ (outnumbered).
 12592 | Lair:5   | 12592 ||| INVOKING Heroism.
 12593 | Lair:5   | 12593 ||| INVOKING Finesse.
 12606 | Lair:5   | Received a gift from Okawaru
 12616 | Lair:5   | Reached skill level 12 in Fighting
 12663 | Lair:5   | 12663 ||| INVOKING Heroism.
 12874 | Lair:5   | Reached skill level 6 in Dodging
 12919 | Lair:5   | 12919 ||| Stepping ~*~*~tactically~*~*~ (outnumbered).
 12952 | Lair:5   | Identified the +0 trident of Sekoe {freeze, rF+ rC- rN+
                  | Int+3}
 13168 | Lair:5   | 13168 ||| Stepping ~*~*~tactically~*~*~ (outnumbered).
 13169 | Lair:5   | 13169 ||| INVOKING Heroism.
 13170 | Lair:5   | 13170 ||| Stepping ~*~*~tactically~*~*~ (cloud).
 13173 | Lair:5   | 13173 ||| INVOKING Finesse.
 13177 | Lair:5   | Killed from afar by a fire dragon

Levels and vault maps discovered:
D:1:      dreamdust_arrival_beginning_and_end, layout_loops_ring, serial_rivers,
          chequers_serial_rivers_micro_e, chequers_serial_rivers_small_b,
          chequers_serial_rivers_large_a, chequers_serial_rivers_small_a,
          chequers_serial_rivers_room_b
D:2:      layout_basic, minmay_gold_behind_fungi
D:3:      layout_rooms, ashenzari_conservatory_becter,
          gammafunk_ghost_mausoleum, basic_ecumenical_altar,
          gup_sewer_entry_bowl, grunt_ministairs_15, uniq_terence, uniq_jessica
D:4:      layout_loops_ring, mainiacjoe_overflow_alcove_2, kennysheep_mini
D:5:      layout_basic, mainiacjoe_overflow_small_starburst,
          grunt_temple_overflow_forces_of_nature, minmay_temple_entry_trees,
          uniq_eustachio
D:6:      layout_loops_ring, nicolae_hepliaklqana_monster_ancestors
D:7:      layout_cave_pods
D:8:      layout_layer_cave, tso_metal_star, nicolae_shop_national_dungeon_mall,
          fountainhead, uniq_psyche
D:9:      layout_long_grid, nicolae_overflow_hidden_temple,
          grunt_lair_entry_orc_guard_hut, david_orc_3, serial_shops,
          nicolae_shop_behind_doors
D:10:     layout_roguey, amcnicky_altar_gilded, mainiacjoe_overflow_brackets,
          lemuel_crystal_altar, mainiacjoe_overflow_tiny_flanked, serial_shops,
          kennysheep_little_box, chequers_mini_garden, minmay_misc_feat_alley,
          uniq_amaemon, uniq_erolcha, uniq_joseph, uniq_harold
Temple:   hellmonk_temple_rainy
Lair:1:   layout_misc_corridors, basic_altar, lemuel_fruit_tree,
          grunt_megastairs_2, serial_bayou_shore_a
Lair:2:   layout_cave_pods, dreamdust_gnoll_shepherd
Lair:3:   layout_misc_corridors, elwin_shoals_entry_stream,
          nicolae_spider_entry_non_spiders, uniq_nergalle
Lair:4:   layout_hall_layers, slime_entry_1, infiniplex_staircase_pool_2,
          grunt_megastairs_4, uniq_urug
Lair:5:   hangedman_lair_in_review, layout_cave_shapes,
          guppyfry_lair_end_dragon, ebering_ghost_funeral_grove,
          portal_ice_cave_entry_pillars_1

Skill      XL: |  1  2  3  4  5  6  7  8  9 10 11 12 13 14 |
---------------+-------------------------------------------+-----
Ranged Weapons | 3 4 5 6 7 9 10 12 14 15 17 18 | 18.1
Fighting       | 2 3 4 5 7 8 10 11 12 | 12.0
Armour         | 2 6 |  6.2
Invocations    | 4 9 10 | 10.0
Dodging        | 2 3 4 5 6 |  6.0
Spellcasting   | |  1.0
Hexes          | |  2.6

Action                     |  1- 3 |  4- 6 |  7- 9 | 10-12 | 13-15 || total
---------------------------+-------+-------+-------+-------+-------++-------
   Fire: Sling             |   105 |       |       |       |       ||   105
         Longbow           |       |    85 |   237 |   491 |   377 ||  1190
 Invoke: Heroism           |       |       |    13 |    29 |    17 ||    59
         Finesse           |       |       |       |       |     5 ||     5
    Use: Scroll            |     5 |     5 |    11 |     6 |       ||    27
         Potion            |       |     1 |       |     1 |       ||     2
 Armour: Robe              |     8 |       |       |       |       ||     8
         Leather armour    |     5 |     2 |       |   116 |    43 ||   166
         Ring mail         |       |     7 |    99 |    87 |       ||   193
  Dodge: Dodged            |    21 |    18 |   113 |   302 |    75 ||   529

Table legend:
 A = Non-vault XP
 B = Vault XP
 C = Vault XP percentage of total XP
 D = Non-vault monster count
 E = Vault monster count
 F = Vault count percentage of total count
                 A         B        C        D         E       F
            +---------+---------+-------+---------+---------+-------
      Total |   48096 |   18414 |  27.7 |     322 |      73 |  18.5
            +---------+---------+-------+---------+---------+-------
        D:1 |      46 |       0 |   0.0 |      23 |       0 |   0.0
        D:2 |      51 |       0 |   0.0 |      18 |       0 |   0.0
        D:3 |      68 |      84 |  55.3 |      18 |       8 |  30.8
        D:4 |     257 |       0 |   0.0 |      17 |       0 |   0.0
        D:5 |     647 |     197 |  23.3 |      22 |       1 |   4.3
        D:6 |     426 |       2 |   0.5 |      12 |       2 |  14.3
        D:7 |     735 |       0 |   0.0 |      11 |       0 |   0.0
        D:8 |    1457 |     479 |  24.7 |      15 |       2 |  11.8
        D:9 |    3541 |     696 |  16.4 |      31 |       9 |  22.5
       D:10 |     827 |    2931 |  78.0 |      11 |       4 |  26.7
     Lair:1 |    6265 |     471 |   7.0 |      27 |       2 |   6.9
     Lair:2 |    7103 |     781 |   9.9 |      29 |       4 |  12.1
     Lair:3 |    5095 |    2294 |  31.0 |      22 |      12 |  35.3
     Lair:4 |   10688 |    1734 |  14.0 |      33 |       5 |  13.2
     Lair:5 |   10890 |    8745 |  44.5 |      33 |      24 |  42.1
            +---------+---------+-------+---------+---------+-------
